 Dungeon Crawl Stone Soup version 0.31-a0-851-g7ff8af7976 (webtiles) character file.

Game seed: 5646844637809398834

1640 Gladio the Ruffian (level 8, -8/79 HPs)
             Began as a Troll Shapeshifter on Oct 5, 2023.
             Was a Follower of Uskayaw.
             Killed from afar by a steam dragon (16 damage)
             ... with a ball of steam
             ... on level 6 of the Dungeon.
             The game lasted 00:13:47 (3281 turns).

Gladio the Ruffian (Troll Shapeshifter)             Turns: 3281, Time: 00:13:48

Health: -8/79      AC:  6    Str: 23    XL:     8   Next: 66%
Magic:  4/7        EV: 11    Int: 10    God:    Uskayaw [*.....]
Gold:   430        SH:  0    Dex: 17    Spells: 7/7 levels left

rFire   . .          .
                       - Unarmed
rCold   . . .        (no shield)
rNeg    . . .        D - +2 robe "Elunum" {Int+4}
rPois   .            (helmet currently unavailable)
rElec   .            (cloak currently unavailable)
rCorr   .            (gloves unavailable)
SInv    .            (boots unavailable)
Will    +....        m - amulet of regeneration
Stlth   ++           j - ring of willpower
HPRegen 1.93/turn    B - +6 ring of dexterity
MPRegen 0.10/turn

%: no passive effects
@: beast-form
A: beast (slay +3), large, unfitting armour, claws 3, regeneration 1, shaggy fur
1, tough skin 1
a: Begin Untransformation, Renounce Religion, Stomp


You were on level 6 of the Dungeon.
You worshipped Uskayaw.
Uskayaw was noncommittal.
You were a hulking beast.
You visited 1 branch of the dungeon, and saw 6 of its levels.
You also visited: Ossuary.

You collected 430 gold pieces.

Inventory:

Armour
 a - a +0 animal skin
 p - a +2 robe of positive energy
 w - a +0 cloak
 D - the +2 robe "Elunum" (worn) {Int+4}
   (You found it on level 6 of the Dungeon)

   Int+4:     It affects your intelligence (+4).
Jewellery
 j - a ring of willpower (left claw)
 m - an amulet of regeneration (around neck)
 q - a ring of protection from cold
 B - a +6 ring of dexterity (right claw)
 C - a ring of resist corrosion
Talismans
 c - a beast talisman (active)
 d - a flux talisman
 x - a blade talisman
Scrolls
 f - a scroll of teleportation {unknown}
 g - a scroll of amnesia {unknown}
 o - a scroll of vulnerability {unknown}
 t - a scroll of blinking {unknown}
 u - 2 scrolls of brand weapon
 v - 2 scrolls of noise
 y - a scroll of enchant armour {unknown}
Potions
 b - 4 potions of lignification
 h - a potion of might
 i - 2 potions of mutation
 k - 2 potions of curing
 l - a potion of cancellation {unknown}
 n - 2 potions of brilliance
 r - 3 potions of heal wounds
 s - 2 potions of haste {unknown}
 z - a potion of ambrosia {unknown}
 A - 2 potions of degeneration {unknown}


   Skills:
 * Level 4.8 Fighting
 + Level 4.2 Dodging
 * Level 6.4 Unarmed Combat
 * Level 6.0 Shapeshifting


You had 7 spell levels left.
You didn't know any spells.
Your spell library contained the following spells:

 Spells                   Type           Power      Damage    Failure   Level
 Ensorcelled Hibernation  Hex/Ice        0%         N/A       50%         2
 Passwall                 Tmut/Erth      0%         N/A       50%         2
 Swiftness                Air            0%         N/A       75%         3


Dungeon Overview and Level Annotations

Branches:
Dungeon (6/15)            Ossuary (visited)
 Temple: D:4-7

Altars:
Qazlal
Uskayaw
Vehumet
Xom

Shops:
D:6 ?

Annotations:
D:6 Dowan, Duvessa


Innate Abilities, Weirdness & Mutations

You are a hulking beast.
Your limbs bulge with bestial killing power. (Slay +3)
You are too large for most types of armour.
You have claws for hands.
Your natural rate of healing is unusually fast.
You are covered in fur. (AC +1)
You have tough skin. (AC +1)


Message History

The steam dragon is moderately wounded.
You are engulfed in a cloud of scalding steam.
The steam dragon closely misses you. The steam dragon barely misses you.
Duvessa barely misses you.
Read: scroll of poison
Press: ? - help, Q - select action, (/) - cycle Dir - look around, f - activate The air fills with toxic fumes!
As you read the scroll of poison, it crumbles to dust.
You are engulfed in a cloud of scalding steam.
The steam dragon bites you. The steam dragon barely misses you.
Duvessa hits you with a +0 short sword.
You stomp with the beat, sending a shockwave through the revellers around you!
Duvessa is moderately wounded.
The steam dragon is severely wounded.
You can no longer stomp with the beat.
You are engulfed in a cloud of scalding steam.
* * * LOW HITPOINT WARNING * * *
The steam dragon bites you.
* * * LOW HITPOINT WARNING * * *
The steam dragon claws you.
* * * LOW HITPOINT WARNING * * *
Duvessa closely misses you.
You can now stomp with the beat.
As you read the scroll labelled GEJA AKLEAHARU, it crumbles to dust.
You hear a loud clanging noise!
It was a scroll of noise.
The steam dragon closely misses you. The steam dragon claws you.
* * * LOW HITPOINT WARNING * * *
Duvessa hits you with a +0 short sword.
* * * LOW HITPOINT WARNING * * *
You feel much better. The steam dragon breathes steam at you.
The ball of steam hits you!!
* * * LOW HITPOINT WARNING * * *
Duvessa hits you with a +0 short sword!
* * * LOW HITPOINT WARNING * * *
You are engulfed in a cloud of scalding steam.
The steam dragon breathes steam at you. The ball of steam hits you!
You die...

##....##.∩......###..
.......#............
........§§#§#§§....#
........§§#§##§....###
........§§§§§§§....#.##
........§§§§§§§.......#
........§§§§§§§.#§§...#
........#§§§§§§##§..§#
.......##§§§§§§§h..§#
.......##.##§§§§§§§§#
.#......#..#§§De§§#§§§§#
##.!....##§§§§§§§§# #.§.
.#....#.#§§§e§§§§§# ..
..... .§§§§§§§§§§§. .
..... ..§§§§§§§§§§§§.
..... ..#§§§§§§§§§§§§
..... ###§§§§§§§§§§§§#


You could see Duvessa, a steam dragon (catching breath) and Dowan.

Vanquished Creatures
  Edmund (D:6)
  A black bear (D:4)
  2 ogres (D:5)
  2 elf zombies (Ossuary)
  7 scorpions
  3 killer bees (D:5)
  A howler monkey (D:6)
  A human zombie (Ossuary)
  2 orc priests (D:4)
  4 iguanas
  Jessica (D:3)
  3 orc wizards
  Terence (D:3)
  A hound zombie (Ossuary)
  4 mummies (Ossuary)
  3 gnolls (D:2)
  6 adders
  A white imp (D:6)
  An ufetubus (D:5)
  4 dart slugs
  11 orcs
  2 endoplasms
  A giant cockroach (D:3)
  3 gnoll zombies (Ossuary)
  7 goblins
  6 hobgoblins
  5 ball pythons
  2 bats
  5 frilled lizards
  A goblin zombie (Ossuary)
  2 hobgoblin zombies (Ossuary)
  A kobold zombie (Ossuary)
  4 rats
  A rat zombie (Ossuary)
100 creatures vanquished.

Notes
Turn   | Place    | Note
-------+----------+-------------------------------------------
     0 | D:1      | Gladio the Troll Shapeshifter began the quest for the Orb.
     0 | D:1      | Reached XP level 1. HP: 18/18 MP: 0/0
   243 | D:1      | Reached skill level 1 in Fighting
   537 | D:2      | Reached XP level 2. HP: 27/27 MP: 1/1
   567 | D:2      | Found a hide-covered altar of Uskayaw.
   576 | D:2      | Became a worshipper of Uskayaw the Reveller
   584 | D:2      | Reached XP level 3. HP: 33/33 MP: 2/2
   601 | D:2      | Reached * piety under Uskayaw
   683 | D:2      | Reached ** piety under Uskayaw
   989 | D:2      | Reached *** piety under Uskayaw
   990 | D:2      | Reached XP level 4. HP: 35/41 MP: 3/3
  1406 | D:3      | Noticed Jessica
  1407 | D:3      | Noticed Terence
  1409 | D:3      | Killed Jessica
  1413 | D:3      | Killed Terence
  1414 | D:3      | Reached XP level 5. HP: 36/49 MP: 4/4
  1657 | D:4      | Found a sand-covered staircase.
  1663 | Ossuary  | Entered an ossuary
  1683 | Ossuary  | Reached **** piety under Uskayaw
  1686 | Ossuary  | Reached XP level 6. HP: 31/59 MP: 2/5
  1694 | Ossuary  | Reached ***** piety under Uskayaw
  2117 | D:4      | Identified the +0 mace of True Grit {drain, rC+ Dex+4}
  2153 | D:4      | Reached XP level 7. HP: 57/67 MP: 6/6
  2295 | D:4      | Reached skill level 5 in Unarmed Combat
  2426 | D:4      | Found a shimmering altar of Xom.
  2429 | D:4      | Found a radiant altar of Vehumet.
  2429 | D:4      | Found a stormy altar of Qazlal.
  2566 | D:5      | Entered Level 5 of the Dungeon
  2609 | D:5      | Reached skill level 5 in Shapeshifting
  2732 | D:5      | Reached XP level 8. HP: 56/78 MP: 7/7
  3153 | D:6      | Noticed Edmund
  3173 | D:6      | Killed Edmund
  3229 | D:6      | Found Ricw's Magic Scroll Emporium.
  3229 | D:6      | Identified the +2 robe "Elunum" {Int+4}
  3268 | D:6      | Noticed Duvessa
  3268 | D:6      | Noticed Dowan
  3281 | D:6      | Killed from afar by a steam dragon

Illustrated notes

Levels and vault maps discovered:
D:1:      dpeg_arrival_tiny_a, layout_basic, serial_glass, glass_columns_a,
          glass_columns_a, due_unseen_surprise, item_on_display_a,
          item_on_display_a, item_on_display_a
D:2:      layout_loops_ring, basic_altar, guppyfry_early_orc_mine
D:3:      layout_rooms, minivault_4, uniq_terence, uniq_jessica
D:4:      layout_rooms, gammafunk_temple_overflow_forgotten, enter_ossuary_5,
          kennysheep_small_circle
D:5:      layout_rooms, serial_aquarium, aquarium_bridge_straight
          [aquarium_subvault_bridge, aquarium_subvault_wall,
          aquarium_subvault_bridge, aquarium_subvault_wall],
          aquarium_bridge_long_joined [aquarium_subvault_bridge,
          aquarium_subvault_bridge, aquarium_subvault_bridge,
          aquarium_subvault_bridge, aquarium_subvault_wall,
          aquarium_subvault_bridge], aquarium_window_1, aquarium_window_1,
          aquarium_window_fake, aquarium_window_corridor_2, aquarium_view_2c,
          aquarium_balcony_3b, aquarium_pool_split, minivault_25
D:6:      layout_cave_pools, minmay_temple_entry_grid, serial_glass,
          glass_columns_a, glass_columns_b, item_on_display_a,
          due_unseen_surprise, serial_shops, shop, minmay_misc_feat_room,
          uniq_edmund, uniq_duvessa, uniq_grinder

Skill      XL: |  1  2  3  4  5  6  7  8 |
---------------+-------------------------+-----
Fighting       | 1 2 3 4 |  4.8
Dodging        | 2 3 4 |  4.2
Unarmed Combat | 4 5 6 |  6.4
Shapeshifting  | 4 5 6 |  6.0

Action                     |  1- 3 |  4- 6 |  7- 9 || total
---------------------------+-------+-------+-------++-------
  Melee: Unarmed           |    37 |   110 |    93 ||   240
         Punch             |     2 |     3 |     2 ||     7
 Invoke: Stomp             |       |     2 |     3 ||     5
    Use: Scroll            |     1 |     6 |     2 ||     9
         Potion            |       |       |     1 ||     1
   Stab: Paralysed         |       |     3 |     2 ||     5
 Armour: Animal skin       |    23 |    15 |       ||    38
         Robe              |       |   103 |    79 ||   182
  Dodge: Dodged            |    16 |    87 |    64 ||   167

Table legend: (Time is in decaauts)
 A = Elapsed time spent in this place.
 B = Non-inter-level travel time spent in this place.
 C = Inter-level travel time spent in this place.
 D = Time resting spent in this place.
 E = Time spent auto-exploring this place.
 F = Levels seen in this place.
 G = Mean time per level.
                   A        B        C        D        E       F      G
               +--------+--------+--------+--------+--------+-----+--------+
         Total |   3259 |   3105 |    154 |      0 |   2467 |   7 |  465.6 |
       Dungeon |   3026 |   2872 |    154 |      0 |   2352 |   6 |  504.3 |
       Ossuary |    233 |    233 |      0 |      0 |    115 |   1 |  233.0 |
               +--------+--------+--------+--------+--------+-----+--------+

Top non-repeatable levels by time:
     D:4: 683 daAuts
     D:2: 680 daAuts
     D:5: 567 daAuts
     D:1: 532 daAuts
     D:3: 421 daAuts
 Ossuary: 233 daAuts
     D:6: 141 daAuts
